 Dungeon Crawl Stone Soup version 0.31-a0-854-g362426d53f (webtiles) character file.

Game seed: 13026500173256625061

275 ipx the Chopper (level 6, 0/32 HPs)
             Began as a Vine Stalker Fighter on Oct 8, 2023.
             Was an Initiate of Okawaru.
             Killed from afar by a dart slug (2 damage)
             ... with a slug dart
             ... on level 4 of the Dungeon.
             The game lasted 00:15:06 (1081 turns).

ipx the Chopper (Vine Stalker Fighter)              Turns: 1081, Time: 00:15:08

Health: 0/32       AC: 13    Str: 21    XL:     6   Next: 24%
Magic:  0/7        EV:  5    Int:  8    God:    Okawaru [......]
Gold:   106        SH:  4    Dex: 13    Spells: 5/5 levels left

rFire   . . .        b - +1 dagger (venom)
rCold   . . .        c - +0 buckler
rNeg    . . .        l - +0 plate armour
rPois   +            (no helmet)
rElec   .            (no cloak)
rCorr   .            (no gloves)
SInv    .            i - +1 pair of boots
Will    .....        (no amulet) Stlth
                     p - ring of poison resistance
HPRegen 1.05/turn    (no ring)
MPRegen 0.10/turn

%: guardian spirit
@: no status effects
A: fangs 2, regeneration 1, magic shield, antimagic bite, no potion heal 2
a: Renounce Religion


You were on level 4 of the Dungeon.
You worshipped Okawaru.
Okawaru was noncommittal.
You visited 2 branches of the dungeon, and saw 7 of its levels.

You collected 106 gold pieces.

Inventory:

Hand Weapons
 a - a +0 war axe
 b - a +1 dagger of venom (weapon)
Armour
 c - a +0 buckler (worn)
 i - a +1 pair of boots (worn)
 l - a +0 plate armour (worn)
Jewellery
 p - a ring of poison resistance (left hand)
Scrolls
 f - a scroll of noise {unknown}
 g - 2 scrolls of poison
Potions
 d - a potion of might
 h - a potion of invisibility {unknown}
 j - a potion of cancellation {unknown}


   Skills:
 - Level 2.6 Fighting
 + Level 5.8 Axes
 - Level 2.4 Armour
 - Level 2.6 Shields


You had 5 spell levels left.
You didn't know any spells.
Your spell library contained the following spells:

 Spells                   Type           Power      Damage    Failure   Level
 Ozocubu's Armour         Ice            0%         N/A       100%        3
 Metabolic Englaciation   Hex/Ice        0%         N/A       100%        5
 Ozocubu's Refrigeration  Ice            0%         4d7       100%        7
 Summon Ice Beast         Ice/Summ       Unusable   N/A       N/A         4
 Summon Mana Viper        Hex/Summ       Unusable   N/A       N/A         5
 Simulacrum               Ice/Necr       Unusable   N/A       N/A         6
 Monstrous Menagerie      Summ           Unusable   N/A       N/A         7

Dungeon Overview and Level Annotations

Branches:
Dungeon (6/15)             Temple (1/1) D:5

Altars:
Ashenzari
Cheibriados
Dithmenos
Elyvilon
Fedhas
Gozag
Hepliaklqana
Kikubaaqudgha
Nemelex Xobeh
Okawaru
Ru
Sif Muna
Trog
Uskayaw
Vehumet
Yredelemnul
The Shining One

Shops:
D:4 [!*


Innate Abilities, Weirdness & Mutations

You have extremely sharp teeth.
Your natural rate of healing is unusually fast.
When hurt, damage is shared between your health and your magic reserves.
Your bite disrupts and absorbs the magic of your enemies.
Potions cannot restore your health.


Message History

The dart slug launches a dart at you. You block the slug dart.
An orc wizard comes into view. It is wielding a +0 dagger.
The orc wizard casts a spell at you.
The magic dart hits you but does no damage.
You barely miss the orc priest.
The orc priest shouts!
You bite the orc priest, but do no damage.
The orc priest is moderately wounded.
You hear a shout!
The orc priest mumbles some strange prayers to Beogh against you.
You struggle to resist.
The orc priest calls down the wrath of Beogh upon you.
Beogh smites you! You block the orc wizard's attack.
You hit the orc priest.
The orc priest looks as sick as possible!
You bite the orc priest, but do no damage.
The orc priest is severely wounded.
The dart slug launches a dart at you.
The slug dart hits you but does no damage.
The orc priest calls down the wrath of Beogh upon you.
Pain shoots through your body! The orc hits you but does no damage.
The orc wizard hits you but does no damage.
You hit the orc priest.
You kill the orc priest!
Okawaru accepts your kill. The dart slug barely misses you.
The orc hits you but does no damage.
The orc priest looks braver for a moment.
The orc wizard points at you and mumbles some strange words.
The puff of flame hits you.
* * * LOW HITPOINT WARNING * * *
You miss the orc wizard.
The orc wizard is moderately wounded.
The orc hits you but does no damage.
The orc priest invokes the aid of Beogh against you.
Beogh smites you!
* * * LOW HITPOINT WARNING * * *
The dart slug launches a dart at you. The slug dart hits you.
You die...

≈.# #. ##..##...# ≈.# #.
#......... ≈.# .#.≈.
#.########...#.#### .# ..≈.#
#.......)|......... .# ._≈.#
#..≈≈~..)#)..#..... .# ≈≈≈.#.≈.
#..~∩≈..##!......#. .####...
#.≈.##..~~≈.##....#...#.
.....#####.≈....o....##.#..#.###.
≈≈≈≈≈..^...≈....@.....#.#........
.....≈≈≈≈≈≈≈...)ow....#.#....#...
#####.................#....#.....
.†)......#......o.....#.#..#.....
.##..#####............###..#.....
.###.###...#####........>..#)...#
.##.......$# ##.o..####..#.####
....#####..# ..... #.##.# ....#
..# #. #.#


You could see an orc priest, 2 orc wizards, a dart slug and an orc.

Vanquished Creatures
  A phantom (D:5)
  An orc priest (D:4)
  A hound (D:6)
  An orc wizard (D:4)
  5 adders
  A white imp (D:5)
  An ufetubus (D:5)
  4 dart slugs
  3 orcs
  2 endoplasms (D:4)
  5 giant cockroaches
  5 goblins
  5 hobgoblins
  5 kobolds
  8 ball pythons
  4 bats
  2 frilled lizards
  5 rats
59 creatures vanquished.

Notes
Turn   | Place    | Note
-------+----------+-------------------------------------------
     0 | D:1      | ipx the Vine Stalker Fighter began the quest for the Orb.
     0 | D:1      | Reached XP level 1. HP: 11/11 MP: 2/2
    49 | D:1      | Reached skill level 2 in Axes
    81 | D:1      | Reached XP level 2. HP: 16/16 MP: 3/3
   221 | D:2      | Reached skill level 3 in Axes
   246 | D:2      | Reached XP level 3. HP: 19/19 MP: 4/4
   496 | D:3      | Reached XP level 4. HP: 23/23 MP: 5/5
   599 | D:3      | Reached skill level 4 in Axes
   747 | D:5      | Entered Level 5 of the Dungeon
   779 | D:5      | Reached XP level 5. HP: 26/27 MP: 4/6
   783 | D:5      | Noticed a phantom
   793 | D:5      | Killed a phantom
   794 | D:5      | Reached skill level 5 in Axes
   822 | D:5      | Found a staircase to the Ecumenical Temple.
   833 | Temple   | Entered the Ecumenical Temple
   847 | Temple   | Became a worshipper of Elyvilon the Healer
   901 | D:4      | Found Xuatz's Antique Armour Shop.
   934 | D:4      | Found an ancient bone altar of Kikubaaqudgha.
   962 | D:4      | Noticed an ogre
   987 | D:4      | Found Lepyul's General Store.
  1006 | D:4      | Found a snail-covered altar of Cheibriados.
  1007 | D:4      | Found a radiant altar of Vehumet.
  1008 | D:4      | Found an iron altar of Okawaru.
  1017 | D:4      | Fell from the grace of Elyvilon
  1017 | D:4      | Became a worshipper of Warmaster Okawaru
  1043 | D:4      | Found Viobixet's Distillery.
  1061 | D:4      | Reached XP level 6. HP: 30/32 MP: 7/7
  1081 | D:4      | Killed from afar by a dart slug

Illustrated notes

Levels and vault maps discovered:
D:1:      beargit_arrival_diablo_church, layout_basic
D:2:      wad_river_or_something, layout_basic, serial_co_window_serial,
          co_window_paths_a, co_window_corner_a, co_window_paths_b,
          co_window_corner_a, co_window_cross_1, co_window_corner_cb,
          co_window_corner_b, co_window_unsneaky_path_d
D:3:      layout_loops_ring, shapermc_ecumenical_altar_flowoftime, minivault_5,
          minmay_misc_feat_more_columns
D:4:      layout_basic, minitemple, nicolae_overflow_squiral, serial_shops,
          nicolae_shop_tiny_real_fake_doors, nicolae_shop_hallway_plus, shop,
          nicolae_shop_industrial_runoff, nicolae_shop_i_like_small_books_too
D:5:      minmay_polygon_palace, layout_cave_pools, amcnicky_altar_gilded,
          minmay_temple_entry_offerings
D:6:      layout_loops_ring, led_xom_imps
Temple:   nicolae_temple_figure_eight

Skill      XL: |  1  2  3  4  5 |
---------------+----------------+-----
Axes           | 2 3 4 5 |  5.8
Fighting       | |  2.6
Armour         | |  2.4
Shields        | |  2.6

Action                     |  1- 3 |  4- 6 || total
---------------------------+-------+-------++-------
  Melee: War axe           |    59 |    72 ||   131
         Bite              |    11 |    22 ||    33
         Dagger            |       |    19 ||    19
    Use: Scroll            |       |     6 ||     6
 Armour: Scale mail        |    39 |    38 ||    77
         Plate armour      |       |    55 ||    55
  Dodge: Dodged            |    25 |    42 ||    67
  Block: Buckler           |    10 |    26 ||    36

Table legend: (Time is in decaauts)
 A = Elapsed time spent in this place.
 B = Non-inter-level travel time spent in this place.
 C = Inter-level travel time spent in this place.
 D = Time resting spent in this place.
 E = Time spent auto-exploring this place.
 F = Levels seen in this place.
 G = Mean time per level.
                   A        B        C        D        E       F      G
               +--------+--------+--------+--------+--------+-----+--------+
         Total |   1129 |   1118 |     11 |      0 |      0 |   7 |  161.3 |
       Dungeon |   1102 |   1102 |      0 |      0 |      0 |   6 |  183.7 |
        Temple |     26 |     15 |     11 |      0 |      0 |   1 |   26.0 |
               +--------+--------+--------+--------+--------+-----+--------+

Top non-repeatable levels by time:
     D:2: 349 daAuts
     D:3: 253 daAuts
     D:4: 223 daAuts
     D:1: 159 daAuts
     D:5: 95 daAuts
  Temple: 26 daAuts
     D:6: 21 daAuts
